 Dungeon Crawl Stone Soup version 0.14-a0-181-gf6fe0c6 (webtiles) character file.

6468 Malachi the Conjurer (level 10, -7/65 HPs)
             Began as a Mummy Wizard on Oct 6, 2013.
             Was an Initiate of Sif Muna.
             Shot with an arrow by a centaur (11 damage)
             ... on Level 10 of the Dungeon.
             The game lasted 00:40:52 (18121 turns).

Malachi the Conjurer (Mummy Wizard)                Turns: 18121, Time: 00:40:53

HP  -7/65        AC  5     Str 12      XL: 10   Next: 53%
MP   2/31        EV 15     Int 20      God: Sif Muna [......]
Gold 568         SH  0     Dex 13      Spells:  6 memorised,  6 levels left

Res.Fire  : + . .   See Invis. : .   o - +2,+0 elf short sword
Res.Cold  : . . .   Warding    : .   s - +1 elf robe {rF+}
Life Prot.: + + +   Conserve   : .   (no shield)
Res.Poison: +       Res.Corr.  : .   b - +0 wizard hat
Res.Elec. : .       Clarity    : .   (no cloak)
Sust.Abil.: . .     Spirit.Shd : .   (no gloves)
Res.Mut.  : .       Stasis     : .   a - +1 pair of boots of the Vestibule of Hell
Res.Rott. : +       Flight     : .   (no amulet)
Saprovore : . . .                    i - ring of magical power
                                     d - ring of fire

@: somewhat resistant to hostile enchantments, unstealthy
A: no food or potions, fire vulnerability, restore body, cold resistance 1, life
protection 3, poison resistance, torment resistance, unbreathing
a: Renounce Religion


You were on level 10 of the Dungeon.
You worshipped Sif Muna.
Sif Muna was noncommittal.
You were not hungry.

You visited 2 branches of the dungeon, and saw 11 of its levels.

You collected 548 gold pieces.

Inventory:

Hand weapons
 j - a +0,+1 elven dagger
 o - a +2,+0 elven short sword (weapon)
 q - a +1,+2 whip of flaming
 u - a +3,+0 flail of protection
Missiles
 f - 3 javelins (quivered)
 B - 8 curare-tipped needles
Armour
 a - the +1 pair of boots of the Vestibule of Hell (worn) {Str+2 Dex+3}
   (You acquired it on level 5 of the Dungeon)

   It affects your strength (+2).
   It affects your dexterity (+3).
 b - a +0 wizard hat (worn)
 s - a +1 elven robe of fire resistance (worn)
 D - a +0 pair of orcish boots
Magical devices
 n - a wand of frost (0)
 v - a wand of hasting (7)
 w - a wand of teleportation (1)
Scrolls
 e - 7 scrolls of remove curse
 g - 4 scrolls of identify
 k - a scroll of magic mapping
 l - a scroll of enchant weapon I
 x - a scroll of amnesia
 A - a scroll of fog
Jewellery
 d - a ring of fire (left hand)
 i - a ring of magical power (right hand)
 m - an uncursed ring of sustain abilities {unknown}
 r - an uncursed ring of fire
 y - a cursed -5 ring of evasion
 C - an uncursed ring of wizardry {unknown}
Books
 c - a book of Minor Magic

   Spells                             Type                      Level
   *Magic Dart                        Conjuration                  1
   *Blink                             Translocation                2
   *Call Imp                          Summoning                    2
   *Repel Missiles                    Charms/Air                   2
   Slow                               Hexes                        2
   *Conjure Flame                     Conjuration/Fire             3
   *Mephitic Cloud                    Conjuration/Poison/Air       3
 h - a book of Wizardry

   Spells                             Type                      Level
   Summon Elemental                   Summoning                    4
   Agony                              Necromancy                   5
   Force Lance                        Conjuration                  5
   Fireball                           Conjuration/Fire             5
   Haste                              Charms                       6
   Invisibility                       Hexes                        6
 p - a book of Enchantments

   Spells                             Type                      Level
   Cause Fear                         Hexes                        4
   Silence                            Hexes/Air                    5
   Tukima's Dance                     Hexes                        5
   Deflect Missiles                   Charms/Air                   6
   Haste                              Charms                       6
   Discord                            Hexes                        8
 z - a book of Necromancy

   Spells                             Type                      Level
   Pain                               Necromancy                   1
   Animate Skeleton                   Necromancy                   1
   Lethal Infusion                    Charms/Necromancy            2
   Vampiric Draining                  Necromancy                   3
   Regeneration                       Charms/Necromancy            3
   Animate Dead                       Necromancy                   4
   Control Undead                     Necromancy                   4


   Skills:
 + Level 3.9 Fighting
 - Level 3.0 Short Blades
 - Level 0.1 Maces & Flails
 + Level 6.0 Dodging
 - Level 1.5 Stealth
 + Level 5.1 Spellcasting
 - Level 9.0 Conjurations
 - Level 4.2 Charms
 - Level 1.3 Summonings
 * Level 2.1 Translocations
 - Level 0.1 Air Magic


You had 6 spell levels left.
You knew the following spells:

 Your Spells              Type           Power        Failure   Level  Hunger
a - Magic Dart            Conj           ####         1%          1    N/A
b - Blink                 Tloc           N/A          10%         2    N/A
c - Call Imp              Summ           ##........   12%         2    N/A
d - Mephitic Cloud        Conj/Pois/Air  ###.....     12%         3    N/A
e - Repel Missiles        Chrm/Air       ##........   10%         2    N/A
f - Conjure Flame         Conj/Fire      ####....     8%          3    N/A

Dungeon Overview and Level Annotations

Branches:
Dungeon (10/27)            Temple (1/1) D:5             Orc (0/4) D:6
   Lair: D:8-13

Altars:
Ashenzari
Cheibriados
Elyvilon
Fedhas
Kikubaaqudgha
Makhleb
Nemelex Xobeh
Okawaru
Sif Muna
Trog
Vehumet
Xom
Yredelemnul
Zin
the Shining One

Shops:
D:6 /   D:7 [

Annotations:
D:3 Grinder


Innate Abilities, Weirdness & Mutations

You do not eat or drink.
Your flesh is vulnerable to fire.
Your flesh is cold resistant.
You are immune to negative energy.
Your system is resistant to poisons.
You are immune to unholy pain and torment.
You can survive without breathing.


Message History

You blink.
The wyvern zombie bites you!
* * * LOW HITPOINT WARNING * * *
The worker ant closely misses you.
Casting: Blink
Confirm with . or Enter, or press ? or * to list all spells.
You blink.
Read which item? (? for menu, Esc to quit)
As you read the scroll of teleportation, it crumbles to dust.
You feel strangely unstable. The worker ant misses you.
Casting: Blink
Confirm with . or Enter, or press ? or * to list all spells.
You blink.
Your surroundings suddenly seem different.
Splash!
You fall into the shallow water.
Moving in this stuff is going to be slow.
A centaur comes into view.
The centaur shouts!
The centaur wields a bow.
The centaur shoots an arrow.
The arrow hits you!
You die...

##########
.f......f#
.....f≈≈f.#
......≈≈@.#
......≈≈≈.#
.....≈≈≈.#
.....≈≈≈.#
..f......#
'##.....#
#....f#
#..c..' ..f


You could see a centaur.

Vanquished Creatures
  Pikel (D:5)
  The ghost of casual the Changer, an experienced OpTm (D:5)
  Grum (D:8)
  A hippogriff (D:9)
  2 hungry ghosts
  A manticore (D:8)
  Edmund (D:7)
  2 wolves (D:8)
  4 slaves (D:5)
  3 ice beasts
  4 sky beasts
  A necrophage (D:10)
  3 ogres
  A phantom (D:6)
  A black bear (D:9)
  3 centaurs
  Duvessa (D:6)
  2 giant frogs
  4 wargs (D:6)
  A water moccasin (D:6)
  5 wights (D:9)
  A troll zombie (D:8)
  A hippogriff zombie (D:9)
  10 killer bees
  A hippogriff skeleton (D:6)
  A troll skeleton (D:8)
  Dowan (D:6)
  6 crimson imps
  2 quasits
  4 hounds
  4 orc priests
  3 jellies
  4 scorpions
  6 orc wizards
  3 iguanas
  7 worker ants
  2 sky beast zombies (D:7)
  A big kobold skeleton (D:7)
  9 adders
  A giant centipede (D:8)
  A white imp (D:9)
  2 giant mites
  2 worms
  An iguana zombie (D:8)
  An adder skeleton (D:8)
  2 giant eyeballs (D:8)
  4 giant geckos
  2 oozes
  13 orcs
  A ball python (D:2)
  A bat skeleton (D:5)
  8 giant cockroaches
  23 goblins
  17 hobgoblins
  6 jackals (D:2)
  16 bats
  A giant gecko skeleton (D:5)
  5 giant newts
  2 giant spores
  A jackal zombie (D:5)
  14 kobolds
  6 quokkas
  16 rats
  13 ballistomycetes
268 creatures vanquished.

Vanquished Creatures (collateral kills)
  A kobold (D:3)
1 creature vanquished.

Vanquished Creatures (others)
  2 crimson imps
  A shadow imp (D:6)
  2 white imps (D:3)
  2 giant spores
7 creatures vanquished.

Grand Total: 276 creatures vanquished

Notes
Turn   | Place    | Note
--------------------------------------------------------------
     0 | D:1      | Malachi, the Mummy Wizard, began the quest for the Orb.
     0 | D:1      | Reached XP level 1. HP: 11/11 MP: 5/5
   145 | D:1      | Reached skill level 1 in Conjurations
   640 | D:1      | Reached XP level 2. HP: 13/17 MP: 0/7
  1193 | D:1      | Reached XP level 3. HP: 22/22 MP: 6/9
  2497 | D:2      | Reached XP level 4. HP: 19/28 MP: 0/11
  2709 | D:2      | Learned a level 2 spell: Blink
  2712 | D:2      | Learned a level 2 spell: Call Imp
  3258 | D:2      | Learned a level 3 spell: Mephitic Cloud
  4851 | D:3      | Noticed Grinder
  4851 | D:3      | Paralysed by Grinder for 7 turns
  4896 | D:3      | Paralysed by Grinder for 5 turns
  4904 | D:3      | Paralysed by Grinder for 2 turns
  4923 | D:3      | Paralysed by Grinder for 6 turns
  4945 | D:3      | Paralysed by Grinder for 7 turns
  4989 | D:3      | Paralysed by Grinder for 6 turns
  5528 | D:3      | Reached skill level 4 in Conjurations
  5528 | D:3      | Reached XP level 5. HP: 11/33 MP: 3/12
  5538 | D:3      | Reached skill level 1 in Summonings
  6336 | D:4      | Reached XP level 6. HP: 39/39 MP: 14/14
  6440 | D:4      | Reached skill level 5 in Conjurations
  7082 | D:4      | Reached XP level 7. HP: 39/44 MP: 16/16
  7278 | D:4      | Noticed an ogre
  7299 | D:4      | Killed an ogre
  7299 | D:4      | Reached skill level 1 in Short Blades
  7299 | D:4      | Reached skill level 6 in Conjurations
  7518 | D:5      | Entered Level 5 of the Dungeon
  7558 | D:5      | Learned a level 2 spell: Repel Missiles
  7688 | D:5      | Noticed Pikel
  7764 | D:5      | Killed Pikel
  7764 | D:5      | Reached skill level 7 in Conjurations
  7764 | D:5      | Reached XP level 8. HP: 22/50 MP: 7/18
  8294 | D:5      | Noticed casual's ghost (experienced OpTm)
  8299 | D:5      | Learned a level 3 spell: Conjure Flame
  8304 | D:5      | Killed casual's ghost
  8304 | D:5      | Reached skill level 1 in Fighting
  8397 | D:5      | Reached skill level 8 in Conjurations
  8644 | D:5      | Found a staircase to the Ecumenical Temple.
  9661 | D:5      | Identified a scroll of acquirement
  9664 | D:5      | Got a pair of pitted boots
  9668 | D:5      | Identified the +1 pair of boots of the Vestibule of Hell {Str+2 Dex+3} (You acquired it on level 5 of the Dungeon)
  9728 | D:6      | Reached skill level 9 in Conjurations
  9728 | D:6      | Reached skill level 1 in Charms
  9728 | D:6      | Reached XP level 9. HP: 12/56 MP: 18/18
 10203 | D:6      | Found a staircase to the Orcish Mines.
 10467 | D:6      | Noticed Duvessa
 10467 | D:6      | Noticed Dowan
 10479 | D:6      | Killed Duvessa
 10493 | D:6      | Killed Dowan
 10619 | D:6      | Found Cinen's Magical Wand Shoppe.
 11442 | D:7      | Noticed Edmund
 11512 | D:7      | Killed Edmund
 11731 | D:7      | Found Ocraaph's Armour Boutique.
 12237 | Temple   | Entered the Ecumenical Temple
 13028 | D:8      | Noticed Grum
 13342 | D:8      | Paralysed by a giant eyeball for 4 turns
 13936 | D:8      | Reached skill level 5 in Dodging
 13936 | D:8      | Reached XP level 10. HP: 12/65 MP: 8/20
 14326 | D:8      | Reached skill level 1 in Translocations
 14454 | D:8      | Killed Grum
 15941 | D:9      | Found a white marble altar of Elyvilon.
 15948 | D:9      | Found a glowing golden altar of the Shining One.
 15955 | D:9      | Found a blossoming altar of Fedhas.
 15960 | D:9      | Found an iron altar of Okawaru.
 15967 | D:9      | Found a deep blue altar of Sif Muna.
 15972 | D:9      | Found a burning altar of Makhleb.
 15978 | D:9      | Became a worshipper of Sif Muna the Loreminder
 15994 | D:9      | Found a snail-covered altar of Cheibriados.
 16987 | D:10     | Entered Level 10 of the Dungeon
 17709 | D:10     | Reached skill level 5 in Spellcasting
 18115 | D:10     | HP: 3/65 [wyvern zombie (12)]
 18121 | D:10     | Shot with an arrow by a centaur

Action                   |  1- 3 |  4- 6 |  7- 9 | 10-12 || total
-------------------------+-------+-------+-------+-------++-------
Melee: Unarmed           |     2 |       |       |       ||     2
       Dagger            |     4 |    75 |    42 |       ||   121
       Short sword       |    14 |    90 |   170 |   154 ||   428
       Whip              |       |       |    24 |       ||    24
       Flail             |       |       |    28 |       ||    28
Throw: Javelin           |       |       |     3 |       ||     3
 Cast: Magic Dart        |   113 |   105 |   309 |   240 ||   767
       Call Imp          |       |     8 |     7 |    11 ||    26
       Mephitic Cloud    |       |    12 |    50 |    30 ||    92
       Conjure Flame     |       |       |    20 |     6 ||    26
       Blink             |       |       |     6 |     5 ||    11
       Repel Missiles    |       |       |     1 |       ||     1
Evoke: Wand              |       |       |    14 |     1 ||    15
  Use: Scroll            |       |     3 |    12 |     3 ||    18
 Stab: Confused          |       |     8 |    25 |     8 ||    41
       Sleeping          |       |     1 |     2 |       ||     3
